 Dungeon Crawl Stone Soup version 0.20.1-1-g8b1a95d66d (webtiles) character file.

0 Jannitor the Ducker (level 1, -1/11 HPs)
             Began as a Spriggan Abyssal Knight on Sept 5, 2018.
             Was a Follower of Lugonu.
             Killed from afar by a white imp (5 damage)
             ... with a puff of frost
             ... on level 2 of the Abyss.
             The game lasted 00:01:05 (274 turns).

Jannitor the Ducker (Spriggan Abyssal Knight)        Turns: 274, Time: 00:01:05

Health: -1/11      AC:  1    Str:  8    XL:     1   Next: 0%
Magic:  3/3        EV: 18    Int:  9    God:    Lugonu [*.....]
Gold:   97         SH:  0    Dex: 15    Spells: 0/0 levels left

rFire    . . .     SeeInvis +   g - -2 hand crossbow (curse)
rCold    . . .     Gourm    .   (shield restricted)
rNeg     . . .     Faith    .   b - +0 robe
rPois    .         Spirit   .   (helmet restricted)
rElec    .         Reflect  .   (no cloak)
rCorr    .         Harm     .   (gloves unavailable)
MR       .....                  (boots unavailable)
Stlth    +.........             (no amulet)
Regen    0.1/turn               (no ring)
MPRegen  0.1/turn               (no ring)

@: very quick
A: unfitting armour, see invisible, [deformed body], [deterioration 2], [dopey
2], herbivore 3, speed 3, slow metabolism 2
a: Depart the Abyss, Renounce Religion


You were on level 2 of the Abyss.
You worshipped Lugonu.
Lugonu was aware of your devotion.
You were not hungry.

You visited 0 branches of the dungeon, and saw 0 of its levels.
You visited the Abyss 1 time.

You collected 97 gold pieces.

Inventory:

Hand Weapons
 a - a +1 short sword
 e - the +9 hand crossbow "Zopuuz" {penet, *Corrode +Inv Dex+3}
   (You found it on level 2 of the Abyss)

   Ammo fired by it will pass through the targets it hits, potentially hitting
   all targets in its path until it reaches maximum range.
   It affects your dexterity (+3).
   It lets you turn invisible.
   It may corrode you when you take damage.
 g - a cursed -2 hand crossbow (weapon)
Armour
 b - a +0 robe (worn)
Scrolls
 d - a scroll of identify
 f - a scroll of random uselessness
Comestibles
 c - 2 bread rations


   Skills:
 + Level 2.4 Fighting
 + Level 2.1 Short Blades
 + Level 3.5 Dodging
 + Level 1.7 Invocations


You couldn't memorise any spells.
You didn't know any spells.

Dungeon Overview and Level Annotations

Branches:
Dungeon (0/15)

Altars:


Innate Abilities, Weirdness & Mutations

You are very small and have problems with some larger weapons.
You are too small for most types of armour.
You have supernaturally acute eyesight. (SInv)
You are a herbivore.
You cover ground extremely quickly.
You need consume almost no food.
[Armour fits poorly on your strangely shaped body.]
[Your body often deteriorates upon taking damage.]
[You are very dopey. (Int -4)]


Message History

A wretched star comes into view.
The wretched star pulses with an eldritch light!
Your body twists and deforms.
The wretched star moves out of view.
The wretched star pulses with an eldritch light!
You feel yourself wasting away.
You feel your body start to fall apart.
You feel stupid. x2
Found 28 stones.
A large abomination comes into view.
The ufetubus shouts!
A large abomination and a zombie come into view.
The large abomination moves out of view.
The white imp gestures at you. The puff of frost misses you.
The white imp grins evilly.
A smoke demon comes into view.
The smoke demon roars!
The white imp gestures at you. The puff of frost hits you!
You die...

. .. #.# #### #
#.#.. #..# .#
#....###.5## ## .#
#...@.##.## # ..
###.#.#..Z.X##.#.##
..#..#..#.........#
...##.##...#.##...
#..#3.......##..#
.#..##..#5..# ....
#4..#..X5## ..##. .
#....#..# . # # ..
####X###.X...


You could see an orange demon (wandering), 2 large abominations, a smoke demon,
a white imp, an ufetubus and a storm dragon zombie.

Vanquished Creatures (others)
  2 starspawn tentacles (Abyss:1)
2 creatures vanquished.

Notes
Turn   | Place    | Note
-------+----------+-------------------------------------------
     0 | Abyss:1  | Jannitor the Spriggan Abyssal Knight began the quest for the Orb.
     0 | Abyss:1  | Reached XP level 1. HP: 11/11 MP: 3/3
   111 | Abyss:1  | Noticed a tentacled starspawn
   147 | Abyss:2  | Got a smoking hand crossbow
   148 | Abyss:2  | Identified the +9 hand crossbow "Zopuuz" {penet, *Corrode +Inv Dex+3} (You found it on level 2 of the Abyss)
   165 | Abyss:2  | Noticed an apocalypse crab
   208 | Abyss:2  | Noticed a starcursed mass
   222 | Abyss:2  | Noticed a wretched star
   258 | Abyss:2  | Noticed a large abomination
   266 | Abyss:2  | Noticed a large abomination
   266 | Abyss:2  | Noticed a storm dragon zombie
   273 | Abyss:2  | Noticed a smoke demon
   274 | Abyss:2  | Killed from afar by a white imp

Action                   || total
-------------------------++-------
Melee: Short sword       ||     1
  Use: Scroll            ||     1
Dodge: Dodged            ||     2
